 Dungeon Crawl Stone Soup version 0.27-a0-520-gb83adbd1c9 (webtiles) character file.

Game seed: 753246756168097807

95 Gruud the Skirmisher (level 4, 0/41 HPs)
             Began as a Palentonga Transmuter on Mar 4, 2021.
             Slain by an orc
             ... wielding a +0 mace
              (3 damage)
             ... on level 3 of the Dungeon.
             The game lasted 00:05:55 (2604 turns).

Gruud the Skirmisher (Palentonga Transmuter)        Turns: 2604, Time: 00:05:55

Health: 0/41       AC:  5    Str: 13    XL:     4   Next: 40%
Magic:  7/7        EV: 10    Int: 13    God:
Gold:   66         SH:  0    Dex: 12    Spells: 6/7 levels left

rFire    + . .     SeeInvis +   q - +3 falchion (holy)
rCold    . . .     Faith    .   (no shield)
rNeg     . . .     Spirit   .   n - +0 robe
rPois    .         Reflect  .   r - +0 helmet
rElec    .         Harm     .   (no cloak)
rCorr    .         Rampage  .   (no gloves)
Will     .....                  (no barding)
Stlth    +.........             (no amulet)
HPRegen  0.13/turn              k - ring of protection from fire
MPRegen  0.10/turn              (no ring)

@: hasted, very quick
A: large, rugged brown scales 3, see invisible, deformed body, roll 1, armoured
tail
a: Rolling Charge


You were on level 3 of the Dungeon.
You visited 1 branch of the dungeon, and saw 3 of its levels.

You collected 66 gold pieces.

Inventory:

Hand Weapons
 a - a +2 dagger of venom
 b - a +3 short sword
 q - a +3 falchion of holy wrath (weapon)
Missiles
 f - 3 boomerangs
Armour
 n - a +0 robe (worn)
 r - a +0 helmet (worn)
Jewellery
 k - a ring of protection from fire (left hand)
Scrolls
 c - 2 scrolls of teleportation {unknown}
 d - 5 scrolls of identify {unknown}
Potions
 e - a potion of ambrosia {unknown}
 g - a potion of magic {unknown}
 h - a potion of haste
 i - 2 potions of flight {unknown}
 j - a potion of heal wounds {unknown}
 l - a potion of curing {unknown}
 m - a potion of might {unknown}
 o - 2 potions of invisibility
 p - a potion of mutation {unknown}


   Skills:
 * Level 3.6 Fighting
 - Level 1.5 Dodging
 - Level 3.4 Unarmed Combat
 - Level 2.0 Spellcasting
 + Level 2.4 Transmutations


You had 6 spell levels left.
You knew the following spells:

 Your Spells              Type           Power        Failure   Level
a - Beastly Appendage     Tmut           14%          10%         1

Your spell library contained the following spells:

 Spells                   Type           Power        Failure   Level
 Wereblood                Tmut           7%           14%         2
 Spider Form              Tmut/Pois      2%           43%         3
 Ice Form                 Ice/Tmut       4%           83%         4
 Blade Hands              Tmut           3%           95%         5


Dungeon Overview and Level Annotations

Branches:
Dungeon (3/15)

Altars:


Innate Abilities, Weirdness & Mutations

You are completely covered in rugged brown scales. (AC +3, +7% HP)
You have supernaturally acute eyesight. (SInv)
Armour fits poorly on your strangely shaped body.
You can roll at nearby foes to attack.
You have a long armoured tail.


Message History

a +3 falchion of holy wrath; a +0 animal skin; a +0 helmet
q - a +3 falchion of holy wrath
r - a +0 helmet
There is a stone staircase leading up here.
You start resting.
Your horns disappear.
Your talons disappear.
You start putting on your armour.
You continue putting on your +0 helmet. x4
You finish putting on your +0 helmet.
Your +2 dagger of venom stops dripping with poison.
Your +3 falchion of holy wrath softly glows with a divine radiance!
q - a +3 falchion of holy wrath (weapon)
You swing at nothing.
You swing at nothing.
You start resting.
An orc comes into view. It is wielding a +0 mace.
The orc shouts!
You hear a shout!
An orc priest comes into view. It is wielding a +0 club.
You see here a +0 animal skin.
You closely miss the orc. You hit the orc priest.
The orc priest is lightly wounded.
The orc hits you with a +0 mace. The orc priest barely misses you.
The orc hits you with a +0 mace.
You hit the orc priest.
Your tail-slap misses the orc priest.
The orc priest is moderately wounded.
The orc priest closely misses you. The orc hits you with a +0 mace.
You hit the orc priest.
The orc priest is heavily wounded.
The orc priest hits you but does no damage.
The orc hits you with a +0 mace.
* * * LOW HITPOINT WARNING * * *
You closely miss the orc priest.
The orc priest is heavily wounded.
The orc priest hits you with a +0 club!
* * * LOW HITPOINT WARNING * * *
The orc completely misses you.
It was a potion of haste.
You feel yourself speed up.
The orc priest hits you but does no damage.
The orc hits you with a +0 mace.
You die...

### #.# ###.# #########
#...# #.......# #.#.#
#.#.#.#.# #..<# .#
#.#.#.#.# #...# .#
#.#.#.#.# #.o@#. .# #
#.#.#.#.#....o#.#####.##.#
#.#.#..<#..>..............
#.#.###.#.#...#........#.#.
#.#.....#.#.......†........
#.#######g#.......)<.......
#..............#.
#.###########..# .#


You could see an orc priest and an orc.

Vanquished Creatures
  Robin (D:3)
  2 adders (D:2)
  A dart slug (D:1)
  4 leopard geckos
  6 bats
  2 giant cockroaches (D:1)
  8 goblins
  10 hobgoblins
  3 jackals
  A quokka (D:2)
  9 frilled lizards
  5 kobolds
  3 rats (D:1)
55 creatures vanquished.

Notes
Turn   | Place    | Note
-------+----------+-------------------------------------------
     0 | D:1      | Gruud the Palentonga Transmuter began the quest for the
                  | Orb.
     0 | D:1      | Reached XP level 1. HP: 17/17 MP: 3/3
   221 | D:1      | Reached XP level 2. HP: 25/25 MP: 1/5
   776 | D:1      | Reached XP level 3. HP: 22/32 MP: 6/6
  1791 | D:2      | Reached XP level 4. HP: 34/40 MP: 5/7
  2300 | D:3      | Noticed Robin
  2572 | D:3      | Killed Robin
  2604 | D:3      | Slain by an orc

Illustrated notes

Levels and vault maps discovered:
D:1:      dpeg_arrival_tiny_k, layout_loops_ring
D:2:      layout_loops_ring
D:3:      layout_basic, grunt_decor_one_mirror, uniq_grinder, uniq_robin

Skill      XL: |  1  2  3 |
---------------+----------+-----
Fighting       | 2 3 |  3.6
Dodging        | |  1.5
Unarmed Combat | |  3.4
Spellcasting   | |  2.0
Transmutations | |  2.4

Action                   |  1- 3 |  4- 6 || total
-------------------------+-------+-------++-------
Melee: Unarmed           |    74 |       ||    74
       Headbutt          |     3 |     1 ||     4
       Tailslap          |     7 |     2 ||     9
       Kick              |     6 |     3 ||     9
       Short sword       |    22 |       ||    22
       Dagger            |    18 |    29 ||    47
       Punch             |     2 |     1 ||     3
       Falchion          |       |     5 ||     5
 Cast: Beastly Appendage |     9 |     3 ||    12
 Abil: Rolling Charge    |     2 |     1 ||     3
  Use: Potion            |       |     1 ||     1
 Stab: Sleeping          |     1 |       ||     1
Armor: Robe              |    34 |     4 ||    38
Dodge: Dodged            |    53 |    16 ||    69

Table legend: (Time is in decaauts)
 A = Elapsed time spent in this place.
 B = Non-inter-level travel time spent in this place.
 C = Inter-level travel time spent in this place.
 D = Time resting spent in this place.
 E = Time spent auto-exploring this place.
 F = Levels seen in this place.
 G = Mean time per level.
                   A        B        C        D        E       F      G
               +--------+--------+--------+--------+--------+-----+--------+
         Total |   2608 |   2382 |    226 |    257 |   1602 |   3 |  869.3 |
       Dungeon |   2608 |   2382 |    226 |    257 |   1602 |   3 |  869.3 |
               +--------+--------+--------+--------+--------+-----+--------+

Top non-repeatable levels by time:
     D:2: 1321 daAuts
     D:1: 1156 daAuts
     D:3: 130 daAuts
